AoeStats
← rdy2work

Black Forest

510706946Analyzed
2v2 RM · 1d ago on Oct 2, 2026· 22m 59s· 4 players
Game mode
Random Map
Map size
Medium (4 player)
Population
200
Speed
Normal
Resources
Standard
Victory
Conquest
Starting age
Dark Age
Ending age
Imperial Age
RankedLock teamsTeams togetherTeam positionsShared explorationLock speedFull tech treeHidden civsTurbo modeCheats
Victory
Defeat
🇹🇼 Celts · Taiwan
1015
+17
🇨🇳 Mongols · China
1007
+17
🇩🇪 Mongols · Germany
1047
-18
🇪🇸 Hindustanis · Spain
1011
-16
rdy2work
10:58 Feudal Age
11:48 Double-Bit Axe
18:55 Castle Age
18:52 Bloodlines
19:47 Bow Saw
20:25 Husbandry
20:29 Horse Collar
s6021430
8:47 Loom
12:29 Feudal Age
14:18 Wheelbarrow
14:05 Double-Bit Axe
17:25 Castle Age
15:43 Gold Mining
18:19 Bow Saw
23:33 Ballistics
wheks
11:55 Feudal Age
10:11 Loom
15:37 Castle Age
13:50 Double-Bit Axe
16:58 Bow Saw
22:22 Wheelbarrow
21:44 Horse Collar
AdventureKlaus
1:24 Loom
11:26 Feudal Age
13:08 Double-Bit Axe
13:05 Horse Collar
16:43 Castle Age
15:19 Gold Mining
15:41 Stone Mining
18:58 Bow Saw
21:14 Wheelbarrow
21:00 Heavy Plow
23:23 Hand Cart
22:54 Town Watch
Connection lost

Rejoining the realm…

Still unreachable

The connection could not be restored.

Session expired

The server has moved on; the page needs a fresh start.